| TOP OF THE 1ST |
|
Covington Blue Sox batting - Pitching for Bristol Bees : RHP Rich Martinez
|
|
Pitching: RHP Rich Martinez
|
|
|
Batting: RHB Douglas Palmer
|
0-0: Ball 1-0: Ground out 6-3 (Groundball, 6S, EV 69.4 MPH)
|
|
Batting: RHB William Hoff
|
0-0: Ground out 5-3 (Groundball, 56S, EV 93.1 MPH)
|
|
Batting: LHB Tito Nanni
|
0-0: SINGLE (Groundball, 34D, EV 98.1 MPH)
|
|
Batting: RHB Reginald Dewar
|
0-0: Ball 1-0: Fielders Choice at 2nd, 6-4 (Groundball, 6, EV 106.3 MPH)
|
| Top of the 1st over - 0 runs, 1 hit, 0 errors, 1 left on base; Covington 0 - Bristol 0 |
| BOTTOM OF THE 1ST |
|
Bristol Bees batting - Pitching for Covington Blue Sox : RHP Javier Landeros
|
|
Pitching: RHP Javier Landeros
|
|
|
Batting: RHB Tracy Jones
|
0-0: Ground out 1-3 (Groundball, P, EV 65.0 MPH)
|
|
Batting: RHB Timothy Utecht
|
0-0: Foul Ball, location: 2F 0-1: Ball 1-1: Ball 2-1: Ground out 4-3 (Groundball, 4, EV 105.6 MPH)
|
|
Batting: LHB Joe Orsulak
|
0-0: Ground out 6-3 (Groundball, 6S, EV 71.3 MPH)
|
| Bottom of the 1st over - 0 runs, 0 hits, 0 errors, 0 left on base; Covington 0 - Bristol 0 |
| TOP OF THE 2ND |
|
Covington Blue Sox batting - Pitching for Bristol Bees : RHP Rich Martinez
|
|
Batting: SHB Felix Perdomo
|
0-0: Called Strike 0-1: SINGLE (Groundball, 6D, EV 100.6 MPH)
|
|
Batting: RHB Francisco Batista
|
0-0: Ball 1-0: Foul Ball, location: 2F 1-1: Ball 2-1: Grounds into double play, 4-6-3 (Groundball, 4M, EV 104.4 MPH)
|
|
Batting: RHB Kenneth Bodle
|
0-0: Ball 1-0: Ball 2-0: Swinging Strike 2-1: Ball 3-1: Base on Balls
|
|
Batting: LHB Scott Hood
|
0-0: Foul Ball, location: 2F 0-1: Ball 1-1: Foul Ball, location: 2F 1-2: Strikes out swinging
|
| Top of the 2nd over - 0 runs, 1 hit, 0 errors, 1 left on base; Covington 0 - Bristol 0 |
| BOTTOM OF THE 2ND |
|
Bristol Bees batting - Pitching for Covington Blue Sox : RHP Javier Landeros
|
|
Batting: SHB Dale Sveum
|
0-0: Ground out 6-3 (Groundball, 6, EV 90.0 MPH)
|
|
Batting: RHB Jerome Kovar
|
0-0: Called Strike 0-1: Ball 1-1: SINGLE (Groundball, 6MS, EV 65.6 MPH) (infield hit)
|
|
Batting: SHB Bernie Tatis
|
0-0: Called Strike Jerome Kovar steals 2nd base 0-1: Ball Jerome Kovar steals 3rd base 1-1: Ground out 6-3 (Groundball, 6M, EV 88.8 MPH) Jerome Kovar scores
|
|
Batting: SHB Stan Jefferson
|
0-0: Called Strike 0-1: Ground out 3-1 (Groundball, 34, EV 79.4 MPH)
|
| Bottom of the 2nd over - 1 run, 1 hit, 0 errors, 0 left on base; Covington 0 - Bristol 1 |
| TOP OF THE 3RD |
|
Covington Blue Sox batting - Pitching for Bristol Bees : RHP Rich Martinez
|
|
Batting: RHB Eddie Williams
|
0-0: Ball 1-0: Fly out, F9 (Flyball, 9, EV 90.6 MPH)
|
|
Batting: RHB Douglas Palmer
|
0-0: Called Strike 0-1: Ball 1-1: Ball 2-1: Foul Ball, location: 2F 2-2: Fly out, F9 (Flyball, 9, EV 90.6 MPH)
|
|
Batting: RHB William Hoff
|
0-0: Called Strike 0-1: Swinging Strike 0-2: Foul Ball, location: 2F 0-2: Ball 1-2: Foul Ball, location: 2F 1-2: Strikes out looking
|
| Top of the 3rd over - 0 runs, 0 hits, 0 errors, 0 left on base; Covington 0 - Bristol 1 |
| BOTTOM OF THE 3RD |
|
Bristol Bees batting - Pitching for Covington Blue Sox : RHP Javier Landeros
|
|
Batting: RHB Juan Burgos
|
0-0: Ball 1-0: Foul Ball, location: 2F 1-1: Ground out 4-3 (Groundball, 4, EV 103.1 MPH)
|
|
Batting: RHB Rory Dixon
|
0-0: Ball 1-0: Ball 2-0: Ball 3-0: Base on Balls
|
|
Batting: RHB Tracy Jones
|
0-0: Ball 1-0: Ball 2-0: Fly out, F7 (Line Drive, 7, EV 98.1 MPH)
|
|
Batting: RHB Timothy Utecht
|
0-0: Ball Rory Dixon is caught stealing 2nd base 2-4
|
| Bottom of the 3rd over - 0 runs, 0 hits, 0 errors, 0 left on base; Covington 0 - Bristol 1 |
| TOP OF THE 4TH |
|
Covington Blue Sox batting - Pitching for Bristol Bees : RHP Rich Martinez
|
|
Batting: LHB Tito Nanni
|
0-0: Ball 1-0: Fly out, F6 (Flyball, 56D, EV 90.6 MPH)
|
|
Batting: RHB Reginald Dewar
|
0-0: Ball 1-0: Ball 2-0: Ball 3-0: Called Strike 3-1: Swinging Strike 3-2: Fly out, F7 (Flyball, 7LM, EV 78.8 MPH)
|
|
Batting: SHB Felix Perdomo
|
0-0: SINGLE (Groundball, 6D, EV 103.1 MPH)
|
|
Batting: RHB Francisco Batista
|
0-0: Called Strike 0-1: Foul Ball, location: 2F 0-2: Ball Felix Perdomo steals 2nd base 1-2: Ball 2-2: Ground out 4-3 (Groundball, 34, EV 96.3 MPH)
|
| Top of the 4th over - 0 runs, 1 hit, 0 errors, 1 left on base; Covington 0 - Bristol 1 |
| BOTTOM OF THE 4TH |
|
Bristol Bees batting - Pitching for Covington Blue Sox : RHP Javier Landeros
|
|
Batting: RHB Timothy Utecht
|
0-0: Ball 1-0: SINGLE (Groundball, 6MD, EV 100.6 MPH)
|
|
Batting: LHB Joe Orsulak
|
0-0: Ball 1-0: Ball 2-0: Ball 3-0: Called Strike 3-1: Fielders Choice at 2nd, 6-4 (Groundball, 6, EV 108.8 MPH)
|
|
Batting: SHB Dale Sveum
|
0-0: Ball 1-0: Called Strike 1-1: Ball 2-1: Fielders Choice at 2nd, 2-6 (Groundball, 13S, EV 73.8 MPH)
|
|
Batting: RHB Jerome Kovar
|
0-0: Foul Ball, location: 2F 0-1: Fly out, F8 (Flyball, 8LS, EV 78.8 MPH)
|
| Bottom of the 4th over - 0 runs, 1 hit, 0 errors, 1 left on base; Covington 0 - Bristol 1 |
| TOP OF THE 5TH |
|
Covington Blue Sox batting - Pitching for Bristol Bees : RHP Rich Martinez
|
|
Batting: RHB Kenneth Bodle
|
0-0: Ball 1-0: Fly out, F7 (Line Drive, 7, EV 98.1 MPH)
|
|
Batting: LHB Scott Hood
|
0-0: Called Strike 0-1: Ball 1-1: Foul Ball, location: 2F 1-2: SINGLE (Groundball, 34D, EV 100.6 MPH)
|
|
Batting: RHB Eddie Williams
|
0-0: Swinging Strike 0-1: Foul Ball, location: 2F 0-2: SINGLE (Groundball, 3D, EV 106.3 MPH) Scott Hood to second Runner from 2nd tries for 3rd, SAFE, no throw by RF
|
|
Batting: RHB Douglas Palmer
|
0-0: Ball 1-0: Ball 2-0: Foul Ball, location: 2F 2-1: Ball Wild Pitch! Scott Hood scores Eddie Williams to second 3-1: Base on Balls
|
|
Batting: RHB William Hoff
|
0-0: Ball 1-0: Ball 2-0: Fielders Choice at 2nd, 6-4 (Groundball, 56D, EV 103.8 MPH) Eddie Williams to third
|
|
Batting: LHB Tito Nanni
|
0-0: Ball 1-0: Called Strike 1-1: SINGLE (Groundball, 6D, EV 100.0 MPH) Eddie Williams scores William Hoff to second
|
|
Batting: RHB Reginald Dewar
|
0-0: Ground out 4-3 (Groundball, 4, EV 81.3 MPH)
|
| Top of the 5th over - 2 runs, 3 hits, 0 errors, 2 left on base; Covington 2 - Bristol 1 |
| BOTTOM OF THE 5TH |
|
Bristol Bees batting - Pitching for Covington Blue Sox : RHP Javier Landeros
|
|
Batting: SHB Bernie Tatis
|
0-0: Foul Ball, location: 2F 0-1: Ball 1-1: Ball 2-1: Foul Ball, location: 2F 2-2: Ground out 5-3 (Groundball, 56S, EV 84.4 MPH)
|
|
Batting: SHB Stan Jefferson
|
0-0: Ball 1-0: Foul Ball, location: 2F 1-1: SINGLE (Groundball, 4MD, EV 103.8 MPH)
|
|
Batting: RHB Juan Burgos
|
0-0: Ball Stan Jefferson is caught stealing 2nd base 2-4 1-0: Ball 2-0: Ball 3-0: Called Strike 3-1: Swinging Strike 3-2: Fly out, F9 (Flyball, 89S, EV 86.3 MPH)
|
| Bottom of the 5th over - 0 runs, 1 hit, 0 errors, 0 left on base; Covington 2 - Bristol 1 |
| TOP OF THE 6TH |
|
Covington Blue Sox batting - Pitching for Bristol Bees : RHP Rich Martinez
|
|
Batting: SHB Felix Perdomo
|
0-0: Ball 1-0: Ground out 4-3 (Groundball, 4, EV 84.4 MPH)
|
|
Batting: RHB Francisco Batista
|
0-0: Ball 1-0: Called Strike 1-1: Foul Ball, location: 2F 1-2: Foul Ball, location: 2F 1-2: Fly out, F8 (Flyball, 8RS, EV 88.1 MPH)
|
|
Batting: RHB Kenneth Bodle
|
0-0: Ball 1-0: SINGLE (Line Drive, 56, EV 94.4 MPH)
|
|
Batting: LHB Scott Hood
|
0-0: SINGLE (Groundball, 34D, EV 105.0 MPH) Kenneth Bodle to second Runner from 2nd tries for 3rd, SAFE, throw by RF made to third
|
|
Batting: RHB Eddie Williams
|
0-0: Ball 1-0: Ball 2-0: Swinging Strike 2-1: Fly out, F9 (Flyball, 89D, EV 85.0 MPH)
|
| Top of the 6th over - 0 runs, 2 hits, 0 errors, 2 left on base; Covington 2 - Bristol 1 |
| BOTTOM OF THE 6TH |
|
Bristol Bees batting - Pitching for Covington Blue Sox : RHP Javier Landeros
|
|
Batting: RHB Rory Dixon
|
0-0: Ball 1-0: Foul Ball, location: 2F 1-1: Ground out 5-3 (Groundball, 5, EV 85.6 MPH)
|
|
Batting: RHB Tracy Jones
|
0-0: Ball 1-0: Swinging Strike 1-1: Ball 2-1: Ball 3-1: DOUBLE (Groundball, 5L, EV 105.6 MPH)
|
|
Batting: RHB Timothy Utecht
|
0-0: Ball 1-0: Ground out 5-3 (Groundball, 56, EV 86.9 MPH)
|
|
Batting: LHB Joe Orsulak
|
0-0: Swinging Strike 0-1: SINGLE (Groundball, 56S, EV 76.3 MPH) (infield hit) Tracy Jones to third
|
|
Batting: SHB Dale Sveum
|
0-0: Called Strike 0-1: Called Strike 0-2: Ball 1-2: Foul Ball, location: 2F 1-2: Ball Joe Orsulak is caught stealing 2nd base 2-6
|
| Bottom of the 6th over - 0 runs, 2 hits, 0 errors, 1 left on base; Covington 2 - Bristol 1 |
| TOP OF THE 7TH |
|
Covington Blue Sox batting - Pitching for Bristol Bees : RHP Rich Martinez
|
|
Batting: RHB Douglas Palmer
|
0-0: Called Strike 0-1: Ball 1-1: Foul Ball, location: 2F 1-2: Ball 2-2: Strikes out swinging
|
|
Batting: RHB William Hoff
|
0-0: Called Strike 0-1: SINGLE (Groundball, 6D, EV 100.6 MPH)
|
|
Batting: LHB Tito Nanni
|
0-0: Called Strike 0-1: Foul Ball, location: 2F 0-2: Ball 1-2: SINGLE (Groundball, 13S, EV 61.3 MPH) (infield hit) William Hoff to second
|
|
Batting: RHB Reginald Dewar
|
0-0: Ball William Hoff steals 3rd base 1-0: Fielders Choice at 2nd, 6-4 (Groundball, 6, EV 104.4 MPH) William Hoff scores
|
|
Batting: SHB Felix Perdomo
|
0-0: Foul Ball, location: 2F 0-1: Ball 1-1: Ball 2-1: Foul Ball, location: 2F 2-2: Foul Ball, location: 2F 2-2: Strikes out swinging
|
| Top of the 7th over - 1 run, 2 hits, 0 errors, 1 left on base; Covington 3 - Bristol 1 |
| BOTTOM OF THE 7TH |
|
Bristol Bees batting - Pitching for Covington Blue Sox : RHP Javier Landeros
|
|
Batting: SHB Dale Sveum
|
0-0: Foul Ball, location: 2F 0-1: Ball 1-1: Swinging Strike 1-2: Ball 2-2: Ground out U3 (Groundball, 3, EV 108.8 MPH)
|
|
Batting: RHB Jerome Kovar
|
0-0: Called Strike 0-1: Swinging Strike 0-2: Ball 1-2: Ball 2-2: Fly out, F6 (Flyball, 6D, EV 95.6 MPH)
|
|
Batting: SHB Bernie Tatis
|
0-0: Ball 1-0: Called Strike 1-1: Ground out 4-3 (Groundball, 4, EV 91.3 MPH)
|
| Bottom of the 7th over - 0 runs, 0 hits, 0 errors, 0 left on base; Covington 3 - Bristol 1 |
| TOP OF THE 8TH |
|
Covington Blue Sox batting - Pitching for Bristol Bees : RHP Rich Martinez
|
|
Batting: RHB Francisco Batista
|
0-0: Ball 1-0: Swinging Strike 1-1: Called Strike 1-2: TRIPLE (Flyball, 89XD, EV 93.1 MPH)
|
|
Batting: RHB Kenneth Bodle
|
0-0: Fly out, F9 (Flyball, 89M, EV 90.6 MPH)
|
|
Batting: LHB Scott Hood
|
0-0: Called Strike 0-1: Ball 1-1: Foul Ball, location: 2F 1-2: Fly out, F9 (Line Drive, 9D, EV 90.0 MPH) Runner from 3rd tags up, SCORES, no throw by RF
|
|
Batting: RHB Eddie Williams
|
0-0: Called Strike 0-1: Foul Ball, location: 2F 0-2: Ball 1-2: Ball 2-2: Strikes out swinging
|
| Top of the 8th over - 1 run, 1 hit, 0 errors, 0 left on base; Covington 4 - Bristol 1 |
| BOTTOM OF THE 8TH |
|
Bristol Bees batting - Pitching for Covington Blue Sox : RHP Javier Landeros
|
|
Batting: SHB Stan Jefferson
|
0-0: Ball 1-0: Ball 2-0: Ball 3-0: Base on Balls
|
|
Batting: RHB Juan Burgos
|
0-0: Called Strike 0-1: Ball 1-1: Ground out 5-3 (Groundball, 56, EV 91.9 MPH) Stan Jefferson to second
|
|
Batting: RHB Rory Dixon
|
0-0: Foul Ball, location: 2F 0-1: Foul Ball, location: 2F 0-2: Foul Ball, location: 2F 0-2: Strikes out swinging
|
|
Batting: RHB Tracy Jones
|
0-0: Ground out 6-3 (Groundball, 6, EV 95.6 MPH)
|
| Bottom of the 8th over - 0 runs, 0 hits, 0 errors, 1 left on base; Covington 4 - Bristol 1 |
| TOP OF THE 9TH |
|
Covington Blue Sox batting - Pitching for Bristol Bees : RHP Rich Martinez
|
|
Batting: RHB Douglas Palmer
|
0-0: Ball 1-0: Ground out 3-1 (Groundball, 34, EV 80.6 MPH)
|
|
Batting: RHB William Hoff
|
0-0: Ball 1-0: Called Strike 1-1: Ball 2-1: Ball 3-1: Base on Balls
|
|
Batting: LHB Tito Nanni
|
0-0: Called Strike 0-1: Swinging Strike 0-2: Ball 1-2: Foul Ball, location: 2F 1-2: Fielders Choice at 2nd, 5-4 (Groundball, 56, EV 84.4 MPH)
|
|
Pitching: LHP Bryan Oatman
|
|
|
Batting: RHB Reginald Dewar
|
0-0: Ball 1-0: Swinging Strike Tito Nanni steals 2nd base (no throw) 1-1: Ball 2-1: Called Strike 2-2: Ball 3-2: Base on Balls
|
|
Batting: SHB Felix Perdomo
|
0-0: Ball 1-0: Ball 2-0: Called Strike 2-1: Ball 3-1: Called Strike 3-2: Foul Ball, location: 2F 3-2: Foul Ball, location: 2F 3-2: Strikes out looking
|
| Top of the 9th over - 0 runs, 0 hits, 0 errors, 2 left on base; Covington 4 - Bristol 1 |
| BOTTOM OF THE 9TH |
|
Bristol Bees batting - Pitching for Covington Blue Sox : RHP Javier Landeros
|
|
Batting: RHB Timothy Utecht
|
0-0: Ball 1-0: Ball 2-0: Ball 3-0: Base on Balls
|
|
Batting: LHB Joe Orsulak
|
0-0: Ball 1-0: Ball 2-0: Called Strike 2-1: Ball 3-1: Ground out 5-3 (Groundball, 56, EV 101.9 MPH) Timothy Utecht to second
|
|
Batting: SHB Dale Sveum
|
0-0: Called Strike 0-1: Foul Ball, location: 2F 0-2: Ground out 2-3 (Groundball, 13S, EV 71.3 MPH) Timothy Utecht to third
|
|
Batting: RHB Jerome Kovar
|
0-0: Called Strike 0-1: Fly out, F9 (Flyball, 9S, EV 95.0 MPH)
|
| Bottom of the 9th over - 0 runs, 0 hits, 0 errors, 1 left on base; Covington 4 - Bristol 1 |
|